Capitals vs Predators
Created - April 20, 2020 at 19:21
Goals
|
Capitals |
1 |
0 |
2 |
3 |
Predators |
0 |
0 |
2 |
2 |
|
Shots
|
Capitals |
6 |
7 |
15 |
28 |
Predators |
10 |
15 |
7 |
32 |
|
1st period
1. Capitals , Patrick Sharp 18 (Joe Pavelski 36, Torey Krug 20) at 1:26
Penalties :
Justin Faulk (Nas) for Hooking (Minor) at 11:58
2nd period
No Goal
Penalties :
Brian McGrattan (Was) for High sticking (Minor) at 9:09, Ryan Getzlaf (Was) for Roughing (Minor) at 16:05
3rd period
2. Capitals , Ryan Getzlaf 18 (Patrick Sharp 25, Dan Hamhuis 11) at 5:06 (PP)
3. Predators , Alexander Ovechkin 35 (Mikael Granlund 52, Alexander Edler 40) at 9:12
4. Capitals , Peter Worrell 14 (T.J. Oshie 13, Brian McGrattan 17) at 10:11
5. Predators , Justin Faulk 2 (Mikael Granlund 53, Alexander Ovechkin 58) at 10:25
Penalties :
Peter Worrell (Was) for Hooking (Minor) at 1:55, John Moore (Nas) for Roughing (Minor) at 3:13, PK Subban (Was) for Roughing (Minor) at 5:34, Torey Krug (Was) for Holding (Minor) at 11:36
Goalie Stats
Tuukka Rask (Was), 30 saves from 32 shots - (0.938), W, 24-18-5, 60:00 minutes
Anders Lindback (Nas), 25 saves from 28 shots - (0.893), L, 5-9-2, 58:59 minutes
Players Stats for Capitals
Player Name G A P +/- PIM S H SB GA TA FO MP PP MP PK MP
------------------------------------------------------------------------------------
Brent Burns 0 0 0 0 0 2 1 0 2 1 0/0 27:29 1:30 5:20
Brian McGrattan 0 1 1 0 2 2 3 1 0 0 0/1 16:35 0:56 0:00
Dan Hamhuis 0 1 1 0 0 0 3 1 0 0 0/0 17:52 1:41 3:31
Jeff Skinner 0 0 0 0 0 1 0 1 1 0 1/3 15:58 0:00 0:00
Joe Pavelski 0 1 1 -1 0 1 4 1 0 0 0/3 24:32 2:15 5:12
Joe Thornton 0 0 0 0 0 1 1 0 0 1 4/13 9:29 2:15 5:17
Josh Manson 0 0 0 0 0 0 1 0 0 0 0/0 4:59 0:00 0:31
Mikko Koivu 0 0 0 0 0 0 2 1 0 0 1/2 17:14 0:00 0:00
Ondrej Palat 0 0 0 0 0 0 0 0 0 0 0/0 5:05 0:00 1:11
Patrick Sharp 1 1 2 -1 0 1 5 0 0 0 7/18 19:25 0:56 2:46
Peter Worrell 1 0 1 1 2 5 0 0 0 0 0/0 11:48 1:02 0:00
PK Subban 0 0 0 0 2 2 2 0 1 1 0/0 25:23 1:30 4:40
Roman Josi 0 0 0 1 0 2 1 0 0 0 1/7 12:51 0:00 1:40
Ryan Getzlaf 1 0 1 0 2 4 0 1 2 1 3/13 16:09 0:56 0:00
Ryan Suter 0 0 0 0 0 0 1 1 0 0 0/0 13:44 0:00 0:00
T.J. Oshie 0 1 1 1 0 3 1 0 0 0 0/0 13:32 0:00 1:16
Thomas Vanek 0 0 0 -1 0 1 1 0 0 0 0/1 20:45 1:13 2:46
Torey Krug 0 1 1 0 2 3 2 1 0 1 0/0 17:10 1:41 2:46
Players Stats for Predators
Player Name G A P +/- PIM S H SB GA TA FO MP PP MP PK MP
------------------------------------------------------------------------------------
Alex Killorn 0 0 0 0 0 2 1 0 0 0 1/1 16:21 3:58 0:00
Alexander Edler 0 1 1 1 0 2 3 3 0 1 0/0 27:12 5:48 2:00
Alexander Ovechkin 1 1 2 2 0 4 1 0 1 0 3/4 23:24 5:16 2:05
Alexander Steen 0 0 0 -1 0 1 1 1 0 0 0/0 10:02 0:00 0:19
Andy Miele 0 0 0 -1 0 1 1 2 0 0 5/5 10:24 0:00 0:41
Brendan Gallagher 0 0 0 2 0 3 0 0 1 1 0/1 16:57 0:00 2:02
Denis Grebeshkov 0 0 0 -1 0 0 3 1 0 1 0/0 12:38 0:00 0:00
George Parros 0 0 0 -1 0 1 1 1 0 0 0/0 8:45 0:00 0:00
John Moore 0 0 0 0 2 0 0 1 0 0 0/0 19:21 3:25 0:36
Justin Abdelkader 0 0 0 -1 0 0 0 0 0 0 0/0 9:07 0:00 0:22
Justin Faulk 1 0 1 0 2 3 1 0 0 0 0/0 19:33 3:26 0:35
Maxim Afinogenov 0 0 0 -1 0 4 1 0 0 0 1/1 15:40 5:16 0:41
Mikael Granlund 0 2 2 2 0 1 0 0 0 0 20/29 20:11 5:16 0:00
Nate Schmidt 0 0 0 -1 0 0 0 0 0 1 0/0 14:02 0:00 1:11
Niclas Bergfors 0 0 0 0 0 7 0 1 1 1 0/0 18:16 3:58 0:06
Nik Antropov 0 0 0 -1 0 0 1 0 0 1 3/5 8:45 0:00 0:00
Ryan Kesler 0 0 0 0 0 2 2 1 0 0 11/15 18:16 3:58 0:06
Ryan Mcdonagh 0 0 0 1 0 1 0 0 2 0 0/0 27:12 5:48 2:00
3 Stars
1 - Alexander Ovechkin (Nas)
2 - Patrick Sharp (Was)
3 - Mikael Granlund (Nas)
Power Play
Capitals - 1 on 2 Attempt(s) - 50.00%
Predators - 0 on 5 Attempt(s) - 0.00%
Penalty Kill
Capitals - 5 on 5 Attempt(s) - 100.00%
- Score 0 goal in Penalty Kill
Predators - 1 on 2 Attempt(s) - 50.00%
- Score 0 goal in Penalty Kill
Team Stat
Capitals - Hits : 28 - Faceoff Wins : 17 - Blocked Shots : 8 - Penalty Minutes : 10
Predators - Hits : 16 - Faceoff Wins : 44 - Blocked Shots : 11 - Penalty Minutes : 4
Official
Referees : Unknown
Linesman : Unknown
Game Notes
No Game Note
Finance
Level 1 -- Attendance: 5490 (91.50%) -- Ticket Income $576,450
Level 2 -- Attendance: 4221 (84.42%) -- Ticket Income $287,028
Level 3 -- Attendance: 1986 (99.30%) -- Ticket Income $83,412
Level 4 -- Attendance: 3065 (76.63%) -- Ticket Income $91,950
Luxury Box -- Attendance: 828 (82.80%) -- Ticket Income $165,600
Game was played at the Wildcat center.
Total Attendance: 15590 (86.61%)
Total Ticket Income: $1,204,440
Other Income: $180,666
Total Income: $1,385,106
Capitals
5 vs 5 Forward
Center Left Wing Right Wing Time % Phy DF OF
1 Patrick Sharp Thomas Vanek Joe Pavelski 40 1 2 2
2 Ryan Getzlaf Mikko Koivu Brian McGrattan 30 1 2 2
3 Roman Josi Peter Worrell T.J. Oshie 20 1 2 2
4 Jeff Skinner Ondrej Palat PK Subban 10 1 2 2
5 vs 5 Defense
Defense Defense Time % Phy DF OF
1 Brent Burns PK Subban 40 1 2 2
2 Torey Krug Dan Hamhuis 30 1 2 2
3 Ryan Suter Jeff Skinner 20 1 2 2
4 Josh Manson Brent Burns 10 1 2 2
PowerPlay Forward
Center Left Wing Right Wing Time % Phy DF OF
1 Joe Thornton Thomas Vanek Joe Pavelski 60 1 2 2
2 Ryan Getzlaf Patrick Sharp Brian McGrattan 40 1 2 2
PowerPlay Defense
Defense Defense Time % Phy DF OF
1 Brent Burns PK Subban 60 1 2 2
2 Torey Krug Dan Hamhuis 40 1 2 2
Penalty Kill 4 Players Forward
Center Wing Time % Phy DF OF
1 Joe Thornton Joe Pavelski 60 1 2 2
2 Thomas Vanek Patrick Sharp 40 1 2 2
Penalty Kill 4 Players Defense
Defense Defense Time % Phy DF OF
1 Brent Burns PK Subban 60 1 2 2
2 Torey Krug Dan Hamhuis 40 1 2 2
Penalty Kill - 3 Players Forward
Forward Time % Phy DF OF
1 Joe Thornton 60 1 2 2
2 Joe Pavelski 40 1 2 2
Penalty Kill - 3 Players Defense
Defense Defense Time % Phy DF OF
1 Brent Burns PK Subban 60 1 2 2
2 Torey Krug Dan Hamhuis 40 1 2 2
4 vs 4 Forward
Center Wing Time % Phy DF OF
1 Joe Thornton Joe Pavelski 60 1 2 2
2 Thomas Vanek Patrick Sharp 40 1 2 2
4 vs 4 Defense
Defense Defense Time % Phy DF OF
1 Brent Burns PK Subban 60 1 2 2
2 Torey Krug Dan Hamhuis 40 1 2 2
Last Minutes Offensive
Center Left Wing Right Wing Defense Defense
Joe Thornton Thomas Vanek Joe Pavelski Brent Burns PK Subban
Last Minutes Defensive
Center Left Wing Right Wing Defense Defense
Joe Thornton Thomas Vanek Joe Pavelski Brent Burns PK Subban
Goaltenders
Starting : Tuukka Rask
Backup : Mike Smith
Extra Forwards
Normal : Jeff Skinner, Mikko Koivu, T.J. Oshie - PP : Jeff Skinner, Mikko Koivu - PK : T.J. Oshie
Extra Defensemen
Normal : Ryan Suter, Roman Josi, Josh Manson - PP : Ryan Suter - PK : Roman Josi, Josh Manson
Penalty Shots
Joe Thornton, Joe Pavelski, Thomas Vanek, Patrick Sharp, Ryan Getzlaf
Scratches
Ryan Nugent-Hopkins (Healthy), Jason Pominville (Healthy)
Predators
5 vs 5 Forward
Center Left Wing Right Wing Time % Phy DF OF
1 Mikael Granlund Alexander Ovechkin Brendan Gallagher 40 1 2 2
2 Ryan Kesler Alex Killorn Niclas Bergfors 30 1 2 2
3 Andy Miele Alexander Steen Maxim Afinogenov 20 1 2 2
4 Nik Antropov Justin Abdelkader George Parros 10 1 2 2
5 vs 5 Defense
Defense Defense Time % Phy DF OF
1 Ryan Mcdonagh Alexander Edler 40 1 2 2
2 John Moore Justin Faulk 30 1 3 1
3 Nate Schmidt Denis Grebeshkov 20 1 2 2
4 Ryan Mcdonagh Alexander Edler 10 1 3 1
PowerPlay Forward
Center Left Wing Right Wing Time % Phy DF OF
1 Mikael Granlund Alexander Ovechkin Maxim Afinogenov 60 1 1 3
2 Ryan Kesler Alex Killorn Niclas Bergfors 40 1 1 3
PowerPlay Defense
Defense Defense Time % Phy DF OF
1 Ryan Mcdonagh Alexander Edler 60 1 1 3
2 John Moore Justin Faulk 40 1 1 3
Penalty Kill 4 Players Forward
Center Wing Time % Phy DF OF
1 Alexander Ovechkin Brendan Gallagher 60 1 2 2
2 Andy Miele Maxim Afinogenov 40 1 2 2
Penalty Kill 4 Players Defense
Defense Defense Time % Phy DF OF
1 Ryan Mcdonagh Alexander Edler 60 1 3 1
2 John Moore Nate Schmidt 40 1 3 1
Penalty Kill - 3 Players Forward
Forward Time % Phy DF OF
1 Andy Miele 60 1 2 2
2 Alexander Ovechkin 40 1 2 2
Penalty Kill - 3 Players Defense
Defense Defense Time % Phy DF OF
1 Ryan Mcdonagh Alexander Edler 60 1 2 2
2 John Moore Nate Schmidt 40 1 2 2
4 vs 4 Forward
Center Wing Time % Phy DF OF
1 Ryan Kesler Niclas Bergfors 60 1 2 2
2 Mikael Granlund Alexander Ovechkin 40 1 2 2
4 vs 4 Defense
Defense Defense Time % Phy DF OF
1 Ryan Mcdonagh Alexander Edler 60 1 2 2
2 John Moore Justin Faulk 40 1 2 2
Last Minutes Offensive
Center Left Wing Right Wing Defense Defense
Ryan Kesler Alexander Ovechkin Niclas Bergfors Ryan Mcdonagh Alexander Edler
Last Minutes Defensive
Center Left Wing Right Wing Defense Defense
Ryan Kesler Alexander Ovechkin Andy Miele Ryan Mcdonagh John Moore
Goaltenders
Starting : Anders Lindback
Backup : Viktor Fasth
Extra Forwards
Normal : Maxim Afinogenov, Andy Miele, Justin Abdelkader - PP : Brendan Gallagher, Andy Miele - PK : Justin Abdelkader
Extra Defensemen
Normal : Justin Faulk, Nate Schmidt, John Moore - PP : John Moore - PK : Justin Faulk, Nate Schmidt
Penalty Shots
Ryan Kesler, Niclas Bergfors, Alexander Ovechkin, Mikael Granlund, Maxim Afinogenov
Scratches
Byron Bitz (Healthy), Dmitri Kalinin (Healthy)
% Time on Ice - Capitals
Lines # - Real PCT - Wanted PCT - Time Play
Normal Forward
1 - 35% - 40% - 15:51
2 - 35% - 30% - 15:55
3 - 24% - 20% - 10:47
4 - 7% - 10% - 3:12
Normal Defense
1 - 33% - 40% - 14:53
2 - 29% - 30% - 13:12
3 - 30% - 20% - 13:44
4 - 9% - 10% - 3:56
PP Forward
1 - 71% - 60% - 2:15
2 - 29% - 40% - 0:56
PP Defense
1 - 47% - 60% - 1:30
2 - 53% - 40% - 1:41
PK Forward
1 - 70% - 60% - 6:28
2 - 30% - 40% - 2:46
PK Defense
1 - 58% - 60% - 5:20
2 - 42% - 40% - 3:54
PK3 Forward
1 - 0% - 60%
2 - 0% - 40%
PK3 Defense
1 - 0% - 60%
2 - 0% - 40%
44 Forward
1 - 100% - 60% - 0:41
2 - 0% - 40% - 0:00
44 Defense
1 - 100% - 60% - 0:41
2 - 0% - 40% - 0:00
Last Minute Offensive - 0:00
Last Minute Defensive - 1:09
Total
Forward - 60:00
Defense - 60:00
|
% Time on Ice - Predators
Lines # - Real PCT - Wanted PCT - Time Play
Normal Forward
1 - 33% - 40% - 14:55
2 - 27% - 30% - 12:23
3 - 21% - 20% - 9:43
4 - 19% - 10% - 8:45
Normal Defense
1 - 35% - 40% - 16:14
2 - 34% - 30% - 15:20
3 - 28% - 20% - 12:38
4 - 3% - 10% - 1:34
PP Forward
1 - 57% - 60% - 5:16
2 - 43% - 40% - 3:58
PP Defense
1 - 63% - 60% - 5:48
2 - 37% - 40% - 3:26
PK Forward
1 - 79% - 60% - 2:30
2 - 21% - 40% - 0:41
PK Defense
1 - 63% - 60% - 2:00
2 - 37% - 40% - 1:11
PK3 Forward
1 - 0% - 60%
2 - 0% - 40%
PK3 Defense
1 - 0% - 60%
2 - 0% - 40%
44 Forward
1 - 100% - 60% - 0:41
2 - 0% - 40% - 0:00
44 Defense
1 - 68% - 60% - 0:28
2 - 32% - 40% - 0:13
Last Minute Offensive - 1:08
Last Minute Defensive - 0:00
Total
Forward - 60:00
Defense - 60:00
|
Play-by-Play
1st period
0:01 of 1st period - Mikael Granlund wins face-off versus Patrick Sharp in neutral zone.
0:01 of 1st period - Mikael Granlund is hit by Joe Pavelski.
0:26 of 1st period - Ryan Kesler is hit by Brian McGrattan and loses puck.
0:51 of 1st period - Snap shot by T.J. Oshie.
0:51 of 1st period - Stopped by Anders Lindback with a rebound.
0:53 of 1st period - Slapshot by Peter Worrell.
0:53 of 1st period - Stopped by Anders Lindback with a rebound.
0:55 of 1st period - Slapshot by Peter Worrell.
0:55 of 1st period - Stopped by Anders Lindback with a rebound.
0:57 of 1st period - Wrist shot by PK Subban.
0:57 of 1st period - Shot Blocked by John Moore.
1:10 of 1st period - Off-side.
1:11 of 1st period - Patrick Sharp wins face-off versus Nik Antropov in neutral zone.
1:26 of 1st period - Snap shot by Patrick Sharp.
1:26 of 1st period - Goal by Patrick Sharp - Capitals : 1 - Predators : 0.
1:27 of 1st period - Mikael Granlund wins face-off versus Mikko Koivu in neutral zone.
1:36 of 1st period - Slapshot by Alexander Edler.
1:36 of 1st period - Stopped by Tuukka Rask without a rebound.
1:37 of 1st period - Mikko Koivu wins face-off versus Mikael Granlund in Capitals zone.
1:58 of 1st period - Snap shot by Mikael Granlund.
1:58 of 1st period - Deflect By PK Subban.
1:58 of 1st period - Shot Misses the Net.
1:58 of 1st period - Puck is out of play.
1:59 of 1st period - Alex Killorn wins face-off versus Roman Josi in Capitals zone.
2:29 of 1st period - Wrist shot by Maxim Afinogenov.
2:29 of 1st period - Stopped by Tuukka Rask with a rebound.
3:04 of 1st period - Icing by Torey Krug.
3:05 of 1st period - Patrick Sharp wins face-off versus Nik Antropov in Capitals zone.
3:14 of 1st period - Snap shot by Brian McGrattan.
3:14 of 1st period - Deflect By Ryan Getzlaf.
3:14 of 1st period - Shot Blocked by Alexander Edler.
3:14 of 1st period - Puck is out of play.
3:15 of 1st period - Ryan Getzlaf wins face-off versus Ryan Kesler in Predators zone.
3:50 of 1st period - Off-side.
3:51 of 1st period - Andy Miele wins face-off versus Roman Josi in neutral zone.
4:16 of 1st period - Snap shot by Ryan Kesler.
4:16 of 1st period - Shot Blocked by Ryan Suter.
4:30 of 1st period - Snap shot by Niclas Bergfors.
4:30 of 1st period - Stopped by Tuukka Rask with a rebound.
4:37 of 1st period - Off-side.
4:38 of 1st period - Mikael Granlund wins face-off versus Ryan Getzlaf in neutral zone.
5:22 of 1st period - Alexander Steen is hit by Patrick Sharp and loses puck.
5:29 of 1st period - Wrist shot by Joe Pavelski.
5:29 of 1st period - Stopped by Anders Lindback without a rebound.
5:30 of 1st period - Ryan Getzlaf wins face-off versus Mikael Granlund in Predators zone.
6:43 of 1st period - Brent Burns is hit by Andy Miele and loses puck.
6:59 of 1st period - Brendan Gallagher is hit by Patrick Sharp and loses puck.
7:26 of 1st period - Slapshot by Alexander Edler.
7:26 of 1st period - Stopped by Tuukka Rask without a rebound.
7:27 of 1st period - Andy Miele wins face-off versus Ryan Getzlaf in Capitals zone.
7:28 of 1st period - Wrist shot by Maxim Afinogenov.
7:28 of 1st period - Stopped by Tuukka Rask with a rebound.
7:33 of 1st period - Icing by Ryan Getzlaf.
7:34 of 1st period - Mikael Granlund wins face-off versus Ryan Getzlaf in Capitals zone.
8:00 of 1st period - Slapshot by Brent Burns.
8:00 of 1st period - Shot Blocked by Ryan Kesler.
8:25 of 1st period - Snap shot by Maxim Afinogenov.
8:25 of 1st period - Stopped by Tuukka Rask with a rebound.
8:27 of 1st period - Wrist shot by Alexander Steen.
8:27 of 1st period - Stopped by Tuukka Rask without a rebound.
8:28 of 1st period - Andy Miele wins face-off versus Brian McGrattan in Capitals zone.
8:53 of 1st period - Mikael Granlund is hit by Joe Pavelski and loses puck.
9:20 of 1st period - Justin Faulk is hit by Josh Manson and loses puck.
9:43 of 1st period - John Moore is hit by Patrick Sharp and loses puck.
10:04 of 1st period - Snap shot by George Parros.
10:04 of 1st period - Stopped by Tuukka Rask without a rebound.
10:05 of 1st period - Mikael Granlund wins face-off versus Jeff Skinner in Capitals zone.
10:38 of 1st period - Off-side.
10:39 of 1st period - Ryan Kesler wins face-off versus Roman Josi in neutral zone.
11:15 of 1st period - Wrist shot by T.J. Oshie.
11:15 of 1st period - Shot Misses the Net.
11:19 of 1st period - Snap shot by T.J. Oshie.
11:19 of 1st period - Deflect By Peter Worrell.
11:19 of 1st period - Shot Misses the Net.
11:19 of 1st period - Puck is out of play.
11:20 of 1st period - Ryan Getzlaf wins face-off versus Mikael Granlund in Predators zone.
11:47 of 1st period - Alexander Edler is hit by Joe Pavelski.
11:53 of 1st period - Wrist shot by Alexander Steen.
11:53 of 1st period - Shot Misses the Net.
11:58 of 1st period - Minor Penalty to Justin Faulk for Hooking.
11:59 of 1st period - Alexander Ovechkin wins face-off versus Joe Thornton in Predators zone.
12:16 of 1st period - Off-side.
12:17 of 1st period - Alexander Ovechkin wins face-off versus Ryan Getzlaf in neutral zone.
12:26 of 1st period - Snap shot by Alexander Ovechkin.
12:26 of 1st period - Shot Blocked by Brian McGrattan.
12:28 of 1st period - Slapshot by Ryan Mcdonagh.
12:28 of 1st period - Stopped by Tuukka Rask without a rebound.
12:29 of 1st period - Alexander Ovechkin wins face-off versus Thomas Vanek in Capitals zone.
13:47 of 1st period - Dan Hamhuis is hit by Alexander Steen and loses puck.
13:58 of 1st period - Penalty to Justin Faulk is over, Justin Faulk is back on ice.
14:12 of 1st period - Slapshot by T.J. Oshie.
14:12 of 1st period - Shot Misses the Net.
15:36 of 1st period - T.J. Oshie is hit by George Parros and loses puck.
15:45 of 1st period - Icing by John Moore.
15:46 of 1st period - Nik Antropov wins face-off versus Patrick Sharp in Predators zone.
16:01 of 1st period - Wrist shot by Joe Pavelski.
16:01 of 1st period - Shot Misses the Net.
16:33 of 1st period - Backhand shot by Niclas Bergfors.
16:33 of 1st period - Stopped by Tuukka Rask with a rebound.
16:37 of 1st period - Slapshot by Niclas Bergfors.
16:37 of 1st period - Shot Blocked by Jeff Skinner.
17:01 of 1st period - Snap shot by Joe Pavelski.
17:01 of 1st period - Shot Blocked by Andy Miele.
17:03 of 1st period - Snap shot by Thomas Vanek.
17:03 of 1st period - Shot Hit the Post.
17:05 of 1st period - Wrist shot by Ryan Suter.
17:05 of 1st period - Shot Blocked by Andy Miele.
18:40 of 1st period - Slapshot by Torey Krug.
18:40 of 1st period - Stopped by Anders Lindback with a rebound.
19:34 of 1st period - Icing by Denis Grebeshkov.
19:35 of 1st period - Nik Antropov wins face-off versus Roman Josi in Predators zone.
Goals for this period are 1 for Capitals vs 0 for Predators.
Shots for this period are 6 for Capitals vs 10 for Predators.
2nd period
0:01 of 2nd period - Mikael Granlund wins face-off versus Patrick Sharp in neutral zone.
0:04 of 2nd period - Snap shot by Brendan Gallagher.
0:04 of 2nd period - Shot Misses the Net.
0:14 of 2nd period - Slapshot by PK Subban.
0:14 of 2nd period - Stopped by Anders Lindback with a rebound.
0:16 of 2nd period - Snap shot by Brent Burns.
0:16 of 2nd period - Stopped by Anders Lindback with a rebound.
0:41 of 2nd period - Wrist shot by Mikael Granlund.
0:41 of 2nd period - Stopped by Tuukka Rask with a rebound.
0:43 of 2nd period - Slapshot by Alexander Ovechkin.
0:43 of 2nd period - Stopped by Tuukka Rask without a rebound.
0:44 of 2nd period - Ryan Kesler wins face-off versus Patrick Sharp in Capitals zone.
1:18 of 2nd period - Alexander Edler is hit by Mikko Koivu.
3:06 of 2nd period - Torey Krug is hit by Alex Killorn.
3:24 of 2nd period - Slapshot by Torey Krug.
3:24 of 2nd period - Stopped by Anders Lindback with a rebound.
4:00 of 2nd period - Snap shot by T.J. Oshie.
4:00 of 2nd period - Shot Misses the Net.
5:24 of 2nd period - Snap shot by Alex Killorn.
5:24 of 2nd period - Stopped by Tuukka Rask without a rebound.
5:25 of 2nd period - Ryan Kesler wins face-off versus Ryan Getzlaf in Capitals zone.
5:30 of 2nd period - Wrist shot by Niclas Bergfors.
5:30 of 2nd period - Stopped by Tuukka Rask without a rebound.
5:31 of 2nd period - Mikael Granlund wins face-off versus Joe Pavelski in Capitals zone.
5:42 of 2nd period - Wrist shot by Brendan Gallagher.
5:42 of 2nd period - Stopped by Tuukka Rask without a rebound.
5:43 of 2nd period - Patrick Sharp wins face-off versus Mikael Granlund in Capitals zone.
6:36 of 2nd period - Ryan Mcdonagh is hit by Torey Krug and loses puck.
6:57 of 2nd period - Snap shot by Joe Pavelski.
6:57 of 2nd period - Shot Misses the Net.
7:01 of 2nd period - Snap shot by Thomas Vanek.
7:01 of 2nd period - Shot Misses the Net.
7:38 of 2nd period - Wrist shot by Niclas Bergfors.
7:38 of 2nd period - Deflect By Brent Burns.
7:38 of 2nd period - Stopped by Tuukka Rask with a rebound.
7:48 of 2nd period - Maxim Afinogenov is hit by Joe Pavelski.
8:15 of 2nd period - Snap shot by Alexander Ovechkin.
8:15 of 2nd period - Stopped by Tuukka Rask without a rebound.
8:16 of 2nd period - Ryan Kesler wins face-off versus Patrick Sharp in Capitals zone.
8:40 of 2nd period - Icing by Torey Krug.
8:41 of 2nd period - Mikael Granlund wins face-off versus Ryan Getzlaf in Capitals zone.
8:54 of 2nd period - Wrist shot by Brendan Gallagher.
8:54 of 2nd period - Shot Blocked by Torey Krug.
8:56 of 2nd period - Slapshot by Ryan Mcdonagh.
8:56 of 2nd period - Shot Misses the Net.
8:58 of 2nd period - Wrist shot by Brendan Gallagher.
8:58 of 2nd period - Shot Misses the Net.
9:09 of 2nd period - Minor Penalty to Brian McGrattan for High sticking.
9:10 of 2nd period - Maxim Afinogenov wins face-off versus Joe Thornton in Capitals zone.
9:28 of 2nd period - Icing by Alexander Ovechkin.
9:29 of 2nd period - Mikael Granlund wins face-off versus Joe Thornton in Predators zone.
10:02 of 2nd period - Snap shot by Niclas Bergfors.
10:02 of 2nd period - Stopped by Tuukka Rask with a rebound.
10:04 of 2nd period - Slapshot by Niclas Bergfors.
10:04 of 2nd period - Shot Misses the Net.
11:04 of 2nd period - Niclas Bergfors is hit by Brent Burns and loses puck.
11:09 of 2nd period - Penalty to Brian McGrattan is over, Brian McGrattan is back on ice.
11:21 of 2nd period - Ryan Suter is hit by Nik Antropov and loses puck.
11:42 of 2nd period - Justin Faulk is hit by Ryan Suter and loses puck.
12:47 of 2nd period - PK Subban is hit by Alexander Ovechkin and loses puck.
12:55 of 2nd period - Icing by Brent Burns.
12:56 of 2nd period - Andy Miele wins face-off versus Ryan Getzlaf in Capitals zone.
12:59 of 2nd period - Wrist shot by Alexander Steen.
12:59 of 2nd period - Shot Blocked by Ryan Getzlaf.
13:01 of 2nd period - Wrist shot by Andy Miele.
13:01 of 2nd period - Shot Blocked by Mikko Koivu.
13:03 of 2nd period - Slapshot by John Moore.
13:03 of 2nd period - Shot Misses the Net.
13:05 of 2nd period - Snap shot by Andy Miele.
13:05 of 2nd period - Stopped by Tuukka Rask with a rebound.
13:07 of 2nd period - Snap shot by Andy Miele.
13:07 of 2nd period - Shot Misses the Net.
13:23 of 2nd period - Wrist shot by Thomas Vanek.
13:23 of 2nd period - Shot Hit the Post.
13:25 of 2nd period - Snap shot by Patrick Sharp.
13:25 of 2nd period - Shot Misses the Net.
13:45 of 2nd period - Snap shot by Peter Worrell.
13:45 of 2nd period - Stopped by Anders Lindback with a rebound.
13:47 of 2nd period - Wrist shot by T.J. Oshie.
13:47 of 2nd period - Stopped by Anders Lindback with a rebound.
14:08 of 2nd period - Jeff Skinner is hit by Maxim Afinogenov and loses puck.
14:21 of 2nd period - Jeff Skinner is hit by Justin Faulk.
15:12 of 2nd period - Snap shot by Brendan Gallagher.
15:12 of 2nd period - Stopped by Tuukka Rask with a rebound.
15:34 of 2nd period - Wrist shot by Niclas Bergfors.
15:34 of 2nd period - Stopped by Tuukka Rask without a rebound.
15:35 of 2nd period - Ryan Kesler wins face-off versus Roman Josi in Capitals zone.
15:38 of 2nd period - Slapshot by Niclas Bergfors.
15:38 of 2nd period - Stopped by Tuukka Rask without a rebound.
15:39 of 2nd period - Mikael Granlund wins face-off versus Roman Josi in Capitals zone.
15:40 of 2nd period - Snap shot by Brendan Gallagher.
15:40 of 2nd period - Stopped by Tuukka Rask without a rebound.
15:41 of 2nd period - Patrick Sharp wins face-off versus Mikael Granlund in Capitals zone.
15:58 of 2nd period - Off-side.
15:59 of 2nd period - Ryan Kesler wins face-off versus Ryan Getzlaf in neutral zone.
16:05 of 2nd period - Minor Penalty to Ryan Getzlaf for Roughing.
16:06 of 2nd period - Joe Thornton wins face-off versus Alexander Ovechkin in Capitals zone.
16:10 of 2nd period - Snap shot by Brent Burns.
16:10 of 2nd period - Deflect By Maxim Afinogenov.
16:10 of 2nd period - Stopped by Anders Lindback with a rebound.
16:35 of 2nd period - PK Subban is hit by Alexander Edler and loses puck.
17:08 of 2nd period - Slapshot by Alexander Edler.
17:08 of 2nd period - Shot Blocked by Dan Hamhuis.
17:24 of 2nd period - Slapshot by Mikael Granlund.
17:24 of 2nd period - Shot Misses the Net.
17:26 of 2nd period - Snap shot by Maxim Afinogenov.
17:26 of 2nd period - Stopped by Tuukka Rask without a rebound.
17:27 of 2nd period - Ryan Kesler wins face-off versus Joe Thornton in Capitals zone.
17:28 of 2nd period - Snap shot by Niclas Bergfors.
17:28 of 2nd period - Shot Misses the Net.
17:32 of 2nd period - Snap shot by Alex Killorn.
17:32 of 2nd period - Stopped by Tuukka Rask without a rebound.
17:33 of 2nd period - Ryan Kesler wins face-off versus Joe Thornton in Capitals zone.
18:05 of 2nd period - Penalty to Ryan Getzlaf is over, Ryan Getzlaf is back on ice.
18:12 of 2nd period - Nik Antropov is hit by Brian McGrattan and loses puck.
18:19 of 2nd period - Brian McGrattan is hit by Alexander Edler and loses puck.
18:32 of 2nd period - Denis Grebeshkov is hit by Dan Hamhuis and loses puck.
18:44 of 2nd period - Icing by Peter Worrell.
18:45 of 2nd period - Mikael Granlund wins face-off versus Patrick Sharp in Capitals zone.
19:10 of 2nd period - Wrist shot by Ryan Getzlaf.
19:10 of 2nd period - Stopped by Anders Lindback without a rebound.
19:11 of 2nd period - Nik Antropov wins face-off versus Ryan Getzlaf in Predators zone.
19:24 of 2nd period - Mikko Koivu is hit by Alexander Edler and loses puck.
Goals for this period are 0 for Capitals vs 0 for Predators.
Shots for this period are 7 for Capitals vs 15 for Predators.
3rd period
0:01 of 3rd period - Mikael Granlund wins face-off versus Patrick Sharp in neutral zone.
0:26 of 3rd period - Ryan Kesler is hit by Brian McGrattan and loses puck.
0:55 of 3rd period - Maxim Afinogenov is hit by Dan Hamhuis and loses puck.
1:00 of 3rd period - Snap shot by Roman Josi.
1:00 of 3rd period - Stopped by Anders Lindback without a rebound.
1:01 of 3rd period - Mikael Granlund wins face-off versus Joe Pavelski in Predators zone.
1:01 of 3rd period - Mikael Granlund is hit by Patrick Sharp.
1:09 of 3rd period - Wrist shot by Brendan Gallagher.
1:09 of 3rd period - Shot Misses the Net.
1:11 of 3rd period - Snap shot by Mikael Granlund.
1:11 of 3rd period - Shot Misses the Net.
1:35 of 3rd period - Mikko Koivu is hit by Denis Grebeshkov and loses puck.
1:55 of 3rd period - Minor Penalty to Peter Worrell for Hooking.
1:56 of 3rd period - Mikael Granlund wins face-off versus Joe Thornton in Capitals zone.
1:58 of 3rd period - Snap shot by Mikael Granlund.
1:58 of 3rd period - Shot Misses the Net.
2:28 of 3rd period - Joe Pavelski is hit by Ryan Kesler and loses puck.
3:13 of 3rd period - Minor Penalty to John Moore for Roughing.
3:14 of 3rd period - Ryan Kesler wins face-off versus Joe Thornton in Predators zone.
3:23 of 3rd period - Brent Burns is hit by Ryan Kesler and loses puck.
3:52 of 3rd period - Niclas Bergfors is hit by PK Subban and loses puck.
3:55 of 3rd period - Penalty to Peter Worrell is over, Peter Worrell is back on ice.
4:18 of 3rd period - Wrist shot by Joe Thornton.
4:18 of 3rd period - Shot Misses the Net.
4:20 of 3rd period - Snap shot by Joe Pavelski.
4:20 of 3rd period - Shot Misses the Net.
4:22 of 3rd period - Snap shot by Joe Thornton.
4:22 of 3rd period - Stopped by Anders Lindback with a rebound.
4:24 of 3rd period - Snap shot by Joe Pavelski.
4:24 of 3rd period - Shot Misses the Net.
4:26 of 3rd period - Snap shot by Joe Pavelski.
4:26 of 3rd period - Shot Blocked by Alexander Edler.
5:04 of 3rd period - Slapshot by Patrick Sharp.
5:04 of 3rd period - Shot Blocked by Alexander Steen.
5:06 of 3rd period - Backhand shot by Ryan Getzlaf.
5:06 of 3rd period - Goal by Ryan Getzlaf - Capitals : 2 - Predators : 0.
5:07 of 3rd period - Jeff Skinner wins face-off versus Ryan Kesler in neutral zone.
5:12 of 3rd period - Slapshot by Mikko Koivu.
5:12 of 3rd period - Shot Blocked by Niclas Bergfors.
5:16 of 3rd period - Backhand shot by Jeff Skinner.
5:16 of 3rd period - Stopped by Anders Lindback without a rebound.
5:17 of 3rd period - Ryan Kesler wins face-off versus Jeff Skinner in Predators zone.
5:17 of 3rd period - Ryan Kesler is hit by PK Subban.
5:34 of 3rd period - Minor Penalty to PK Subban for Roughing.
5:35 of 3rd period - Mikael Granlund wins face-off versus Joe Thornton in Capitals zone.
6:01 of 3rd period - Alexander Edler is hit by Roman Josi and loses puck.
7:16 of 3rd period - John Moore is hit by Joe Thornton and loses puck.
7:34 of 3rd period - Penalty to PK Subban is over, PK Subban is back on ice.
7:57 of 3rd period - Wrist shot by PK Subban.
7:57 of 3rd period - Stopped by Anders Lindback without a rebound.
7:58 of 3rd period - Andy Miele wins face-off versus Ryan Getzlaf in Predators zone.
8:32 of 3rd period - Slapshot by Ryan Getzlaf.
8:32 of 3rd period - Stopped by Anders Lindback with a rebound.
8:44 of 3rd period - Slapshot by Brian McGrattan.
8:44 of 3rd period - Stopped by Anders Lindback with a rebound.
8:46 of 3rd period - Wrist shot by Ryan Getzlaf.
8:46 of 3rd period - Stopped by Anders Lindback with a rebound.
8:50 of 3rd period - Wrist shot by Brian McGrattan.
8:50 of 3rd period - Shot Misses the Net.
8:52 of 3rd period - Slapshot by Jeff Skinner.
8:52 of 3rd period - Shot Blocked by Denis Grebeshkov.
8:54 of 3rd period - Snap shot by Brian McGrattan.
8:54 of 3rd period - Stopped by Anders Lindback without a rebound.
8:55 of 3rd period - Patrick Sharp wins face-off versus Mikael Granlund in Predators zone.
9:10 of 3rd period - Backhand shot by Mikael Granlund.
9:10 of 3rd period - Shot Blocked by Joe Pavelski.
9:12 of 3rd period - Snap shot by Alexander Ovechkin.
9:12 of 3rd period - Goal by Alexander Ovechkin - Capitals : 2 - Predators : 1.
9:13 of 3rd period - Mikael Granlund wins face-off versus Joe Pavelski in neutral zone.
9:56 of 3rd period - Ryan Mcdonagh is hit by Mikko Koivu and loses puck.
10:09 of 3rd period - Slapshot by T.J. Oshie.
10:09 of 3rd period - Shot Hit the Post.
10:11 of 3rd period - Wrist shot by Peter Worrell.
10:11 of 3rd period - Goal by Peter Worrell - Capitals : 3 - Predators : 1.
10:12 of 3rd period - Mikael Granlund wins face-off versus Patrick Sharp in neutral zone.
10:15 of 3rd period - Slapshot by Justin Faulk.
10:15 of 3rd period - Stopped by Tuukka Rask without a rebound.
10:16 of 3rd period - Mikael Granlund wins face-off versus Patrick Sharp in Capitals zone.
10:21 of 3rd period - Wrist shot by Mikael Granlund.
10:21 of 3rd period - Shot Misses the Net.
10:23 of 3rd period - Slapshot by Justin Faulk.
10:23 of 3rd period - Stopped by Tuukka Rask with a rebound.
10:25 of 3rd period - Wrist shot by Justin Faulk.
10:25 of 3rd period - Goal by Justin Faulk - Capitals : 3 - Predators : 2.
10:26 of 3rd period - Mikael Granlund wins face-off versus Patrick Sharp in neutral zone.
11:25 of 3rd period - Snap shot by Peter Worrell.
11:25 of 3rd period - Stopped by Anders Lindback without a rebound.
11:26 of 3rd period - Patrick Sharp wins face-off versus Mikael Granlund in Predators zone.
11:29 of 3rd period - Wrist shot by Thomas Vanek.
11:29 of 3rd period - Shot Blocked by Alexander Edler.
11:36 of 3rd period - Minor Penalty to Torey Krug for Holding.
11:37 of 3rd period - Joe Thornton wins face-off versus Mikael Granlund in Capitals zone.
12:14 of 3rd period - Snap shot by Niclas Bergfors.
12:14 of 3rd period - Shot Misses the Net.
13:11 of 3rd period - Alexander Ovechkin is hit by Dan Hamhuis and loses puck.
13:36 of 3rd period - Penalty to Torey Krug is over, Torey Krug is back on ice.
13:45 of 3rd period - Snap shot by Brian McGrattan.
13:45 of 3rd period - Shot Blocked by George Parros.
14:07 of 3rd period - Slapshot by PK Subban.
14:07 of 3rd period - Deflect By Roman Josi.
14:07 of 3rd period - Stopped by Anders Lindback without a rebound.
14:08 of 3rd period - Roman Josi wins face-off versus Mikael Granlund in Predators zone.
14:11 of 3rd period - Slapshot by T.J. Oshie.
14:11 of 3rd period - Stopped by Anders Lindback with a rebound.
14:33 of 3rd period - Denis Grebeshkov is hit by T.J. Oshie and loses puck.
14:50 of 3rd period - Alexander Edler is hit by Thomas Vanek and loses puck.
14:55 of 3rd period - Snap shot by Thomas Vanek.
14:55 of 3rd period - Stopped by Anders Lindback with a rebound.
14:57 of 3rd period - Slapshot by Torey Krug.
14:57 of 3rd period - Stopped by Anders Lindback without a rebound.
14:58 of 3rd period - Mikael Granlund wins face-off versus Patrick Sharp in Predators zone.
15:37 of 3rd period - Snap shot by Maxim Afinogenov.
15:37 of 3rd period - Shot Misses the Net.
16:43 of 3rd period - George Parros is hit by Patrick Sharp and loses puck.
16:54 of 3rd period - Brian McGrattan is hit by Denis Grebeshkov and loses puck.
17:13 of 3rd period - Alexander Ovechkin is hit by Torey Krug and loses puck.
17:36 of 3rd period - Brian McGrattan is hit by Denis Grebeshkov and loses puck.
18:45 of 3rd period - Icing by Patrick Sharp.
18:46 of 3rd period - Patrick Sharp wins face-off versus Brendan Gallagher in Capitals zone.
18:59 of 3rd period - Predators, Anders Lindback is pulled from the net.
19:11 of 3rd period - Snap shot by Alexander Ovechkin.
19:11 of 3rd period - Deflect By Ryan Kesler.
19:11 of 3rd period - Stopped by Tuukka Rask with a rebound.
19:13 of 3rd period - Snap shot by Ryan Kesler.
19:13 of 3rd period - Stopped by Tuukka Rask with a rebound.
19:29 of 3rd period - Wrist shot by Niclas Bergfors.
19:29 of 3rd period - Deflect By Joe Pavelski.
19:29 of 3rd period - Shot Misses the Net.
19:29 of 3rd period - Puck is out of play.
19:30 of 3rd period - Randy Carlyle call a timeout for Predators.
19:30 of 3rd period - Ryan Kesler wins face-off versus Joe Thornton in Capitals zone.
19:33 of 3rd period - Wrist shot by Niclas Bergfors.
19:33 of 3rd period - Deflect By Alexander Ovechkin.
19:33 of 3rd period - Shot Misses the Net.
19:33 of 3rd period - Puck is out of play.
19:34 of 3rd period - Joe Thornton wins face-off versus Ryan Kesler in Capitals zone.
19:48 of 3rd period - Wrist shot by Alexander Ovechkin.
19:48 of 3rd period - Shot Misses the Net.
19:50 of 3rd period - Slapshot by Ryan Kesler.
19:50 of 3rd period - Deflect By Alexander Ovechkin.
19:50 of 3rd period - Stopped by Tuukka Rask without a rebound.
19:51 of 3rd period - Joe Thornton wins face-off versus Ryan Kesler in Capitals zone.
Goals for this period are 2 for Capitals vs 2 for Predators.
Shots for this period are 15 for Capitals vs 7 for Predators.
Back to the Top